 Dungeon Crawl Stone Soup version 0.21.0-3-g78d12a8 (webtiles) character file.

37 Dfrag the Firebug (level 3, -3/24 HPs)
             Began as a Demonspawn Fire Elementalist on Jan 11, 2018.
             Slain by Terence
             ... wielding a +0 trident
              (7 damage)
             ... on level 2 of the Dungeon.
             The game lasted 00:01:30 (1222 turns).

Dfrag the Firebug (Demonspawn Fire Elementalist)    Turns: 1222, Time: 00:01:30

Health: -3/24      AC:  2    Str:  8    XL:     3   Next: 23%
Magic:  6/6        EV: 12    Int: 17    God:
Gold:   53         SH:  4    Dex: 13    Spells: 6/7 levels left

rFire    . . .     SeeInvis .   f - +0 falchion
rCold    . . .     Gourm    .   (no shield)
rNeg     . . .     Faith    .   a - +0 robe
rPois    .         Spirit   .   (no helmet)
rElec    .         Reflect  .   (no cloak)
rCorr    .         Harm     .   (no gloves)
MR       .....                  (no boots)
Stlth    ++........             (no amulet)
HPRegen  0.08/turn              (no ring)
MPRegen  0.10/turn              (no ring)

@: no status effects
A: large bone plates 1
a: no special abilities


You were on level 2 of the Dungeon.
You were very hungry.

You visited 1 branch of the dungeon, and saw 2 of its levels.

You collected 53 gold pieces.

Inventory:

Hand Weapons
 f - a +0 falchion (weapon)
Armour
 a - a +0 robe (worn)
Scrolls
 d - a scroll of fear {unknown}
 e - 2 scrolls of magic mapping {unknown}
 h - 2 scrolls of identify {unknown}
 k - a scroll of blinking {unknown}
Potions
 g - a potion of curing {unknown}
 i - a potion of agility {unknown}
 j - a potion of might {unknown}
 l - a potion of magic {unknown}
Books
 b - a book of Flames

   Spells                             Type                      Level
   a - Flame Tongue                   Conjuration/Fire             1
   b - Throw Flame                    Conjuration/Fire             2
   c - Conjure Flame                  Conjuration/Fire             3
   d - Inner Flame                    Hexes/Fire                   3
   e - Sticky Flame                   Conjuration/Fire             4
   f - Fireball                       Conjuration/Fire             5
Comestibles
 c - a ration


   Skills:
 - Level 1.7 Dodging
 - Level 1.7 Stealth
 + Level 2.5 Spellcasting
 + Level 2.0 Conjurations
 + Level 3.1 Fire Magic


You had 6 spell levels left.
You knew the following spells:

 Your Spells              Type           Power        Failure   Level  Hunger
a - Flame Tongue          Conj/Fire      ##...        6%          1    #......


Dungeon Overview and Level Annotations

Branches:
Dungeon (2/15)

Altars:
Okawaru

Annotations:
D:2 Terence


Innate Abilities, Weirdness & Mutations

You are partially covered in large bone plates. (SH +4)


Message History

You block Terence's attack. Terence hits you with a trident.
* * * LOW HITPOINT WARNING * * *
Terence barely misses you.
There is a stone staircase leading up here.
You can't go down here!
You climb upwards.
There is a stone staircase leading down here.
You start resting.
Your magical contamination has completely faded away.
You start resting.
Magic restored.
You climb downwards.
Level annotation: Terence Terence says, "You're history."
Terence hits you with a trident.
* * * LOW HITPOINT WARNING * * *
Terence closely misses you.
There is a stone staircase leading up, spattered with blood here.
Terence hits you with a trident!
You die...

#.$ #.# #.# ##. ##.## ###
#.###... ...#####. ... #.##...
#...r.... #.# #.##..# #.# #.#
#.##..# #.# #.# #.##>.# #.#
########@######.##..# #.#
.......@<[.)........#
####.####.###..######.#####.##
..........# #..# #.# #.#
####r####.# #..# #.# #.# # #.#
..# #.# #g# #
#.#########$######.# ###.#
####......r...........###...#
..############.#########...##
#.# #.##.@@.†@.....#


You could see Terence.

Vanquished Creatures
  Jessica (D:2)
  A dart slug (D:1)
  A giant cockroach (D:1)
  2 goblins
  2 bats (D:1)
  A kobold (D:2)
  4 rats
12 creatures vanquished.

Notes
Turn   | Place    | Note
-------+----------+-------------------------------------------
     0 | D:1      | Dfrag the Demonspawn Fire Elementalist began the quest for the Orb.
     0 | D:1      | Reached XP level 1. HP: 13/13 MP: 3/3
    45 | D:1      | Found an iron altar of Okawaru.
   510 | D:1      | Gained mutation: You are partially covered in large bone plates. (SH +4) [demonic ancestry]
   510 | D:1      | Reached XP level 2. HP: 19/19 MP: 0/5
   621 | D:2      | Noticed Terence
   945 | D:2      | Noticed Jessica
  1162 | D:2      | Killed Jessica
  1162 | D:2      | Reached skill level 3 in Fire Magic
  1162 | D:2      | Reached XP level 3. HP: 17/24 MP: 4/6
  1222 | D:2      | Slain by Terence

Skill      XL: |  1  2 |
---------------+-------+-----
Conjurations   | 2 |  2.0
Fire Magic     | 3 |  3.1
Dodging        | |  1.7
Stealth        | |  1.7
Spellcasting   | |  2.5

Action                   || total
-------------------------++-------
Melee: Falchion          ||    21
       Unarmed           ||     1
 Cast: Flame Tongue      ||    23
 Stab: Sleeping          ||     1
Armor: Robe              ||    10
Dodge: Dodged            ||    37
Block: Other             ||     5
       Rpst.: Falchion   ||     3
